AoeStats
← nicorossel70

Arabia

506066269Analyzed
1v1 RM · 20d ago on Sep 12, 2026· 27m 11s· 2 players
Game mode
Random Map
Map size
Tiny (2 player)
Population
200
Speed
Normal
Resources
Standard
Victory
Conquest
Starting age
Dark Age
Ending age
Imperial Age
RankedLock teamsTeams togetherTeam positionsShared explorationLock speedFull tech treeHidden civsTurbo modeCheats
Victory
Defeat
🇨🇱 Spanish · Chile
1187
+17
🇸🇬 Persians · Singapore
1198
-17
nicorossel70
10:20 Feudal Age
9:39 Loom
14:08 Castle Age
13:18 Double-Bit Axe
23:57 Horse Collar
Fingolfin
9:25 Feudal Age
10:18 Double-Bit Axe
16:13 Loom
16:20 Gold Mining
20:01 Castle Age
18:25 Fletching
19:53 Padded Archer Armor
20:57 Bow Saw
Connection lost

Rejoining the realm…

Still unreachable

The connection could not be restored.

Session expired

The server has moved on; the page needs a fresh start.